SL
NEW AMSTERDAM DUTCHMEN @ ECHO PARK LAKERS
08/18/2030
 
TOP OF THE 1ST
New Amsterdam Dutchmen batting - Pitching for Echo Park Lakers : LHP Will Hunting
Pitching: LHP Will Hunting
Batting: RHB John Burton 0-0: Ball
1-0: Ball
2-0: Foul Ball, location: 2F
2-1: Foul Ball, location: 2F
2-2: SINGLE (Flyball, 89S)
Batting: RHB Menno van de Vlugt 0-0: Called Strike
0-1: Grounds into double play, 4-6-3 (Groundball, 4)
Batting: RHB Jon Osterman 0-0: Foul Ball, location: 2F
0-1: Ball
1-1: Ball
2-1: Foul Ball, location: 2F
2-2: Ground out 6-3 (Groundball, 6S)
Top of the 1st over - 0 runs, 1 hit, 0 errors, 0 left on base; New Amsterdam 0 - Echo Park 0
BOTTOM OF THE 1ST
Echo Park Lakers batting - Pitching for New Amsterdam Dutchmen : LHP Walt Coffman
Pitching: LHP Walt Coffman
Batting: RHB Miguel Morán 0-0: Foul Ball, location: 2F
0-1: Swinging Strike
0-2: Strikes out swinging
Batting: RHB Jesús Villalba 0-0: Ball
1-0: Ball
2-0: Ball
3-0: Called Strike
3-1: Fly out, F7 (Flyball, 7S)
Batting: RHB Guillermo Coss 0-0: Ground out 5-3 (Groundball, 56)
Bottom of the 1st over - 0 runs, 0 hits, 0 errors, 0 left on base; New Amsterdam 0 - Echo Park 0
TOP OF THE 2ND
New Amsterdam Dutchmen batting - Pitching for Echo Park Lakers : LHP Will Hunting
Batting: RHB Otis Brewer 0-0: Ball
1-0: Called Strike
1-1: Swinging Strike
1-2: Foul Ball, location: 2F
1-2: Ball
2-2: Ball
3-2: Base on Balls
Batting: RHB Hank Wilder 0-0: Called Strike
0-1: Ball
1-1: Foul Ball, location: 2F
1-2: Ball
2-2: Fly out, F6 (Popup, 6)
Batting: RHB Vernon Caw 0-0: Called Strike
0-1: Ball
1-1: Foul Ball, location: 2F
1-2: Ground out 6-3 (Groundball, 56D)
Otis Brewer to second
Batting: RHB Mario Rivera 0-0: Called Strike
0-1: Ball
1-1: Foul Ball, location: 2F
1-2: Strikes out swinging
Top of the 2nd over - 0 runs, 0 hits, 0 errors, 1 left on base; New Amsterdam 0 - Echo Park 0
BOTTOM OF THE 2ND
Echo Park Lakers batting - Pitching for New Amsterdam Dutchmen : LHP Walt Coffman
Batting: RHB Freddy Torres 0-0: Ball
1-0: Foul Ball, location: 2F
1-1: Ball
2-1: Swinging Strike
2-2: Foul Ball, location: 2F
2-2: Foul Ball, location: 2F
2-2: Ball
3-2: Fly out, F9 (Flyball, 89D)
Batting: RHB Alfredo Mojica 0-0: Ground out 4-3 (Groundball, 4M)
Batting: RHB Jesús Vásquez 0-0: Ball
1-0: Foul Ball, location: 2F
1-1: Ball
2-1: SINGLE (Groundball, 34D)
Batting: RHB Zhenya Worobtsoff 0-0: Called Strike
0-1: Called Strike
0-2: Strikes out swinging
Bottom of the 2nd over - 0 runs, 1 hit, 0 errors, 1 left on base; New Amsterdam 0 - Echo Park 0
TOP OF THE 3RD
New Amsterdam Dutchmen batting - Pitching for Echo Park Lakers : LHP Will Hunting
Batting: LHB Félix López 0-0: Ball
1-0: Ball
2-0: Ball
3-0: Foul Ball, location: 2F
3-1: Base on Balls
Batting: RHB David Pérez 0-0: Called Strike
0-1: Ball
1-1: Called Strike
1-2: Foul Ball, location: 2F
1-2: Foul Ball, location: 2F
1-2: Strikes out swinging
Batting: RHB John Burton 0-0: Ball
1-0: Ground out U3 (Groundball, 34S)
Félix López to second
Batting: RHB Menno van de Vlugt 0-0: Called Strike
0-1: Fly out, F9 (Flyball, 89M)
Top of the 3rd over - 0 runs, 0 hits, 0 errors, 1 left on base; New Amsterdam 0 - Echo Park 0
BOTTOM OF THE 3RD
Echo Park Lakers batting - Pitching for New Amsterdam Dutchmen : LHP Walt Coffman
Batting: LHB Stefan Vanderhoof 0-0: SOLO HOME RUN (Flyball, 9D), Distance : 418 ft
Batting: RHB Ismael Sandoval 0-0: Ball
1-0: Ball
2-0: Ball
3-0: Called Strike
3-1: Foul Ball, location: 2F
3-2: Strikes out swinging
Batting: RHB Miguel Morán 0-0: Foul Ball, location: 2F
0-1: Ball
1-1: Fly out, F4 (Popup, 4D)
Batting: RHB Jesús Villalba 0-0: SINGLE (Groundball, 34D)
Batting: RHB Guillermo Coss 0-0: 2-RUN HOME RUN (Flyball, 7LD), Distance : 354 ft
Batting: RHB Freddy Torres 0-0: Ball
1-0: Swinging Strike
1-1: Ground out 5-3 (Groundball, 56)
Bottom of the 3rd over - 3 runs, 3 hits, 0 errors, 0 left on base; New Amsterdam 0 - Echo Park 3
TOP OF THE 4TH
New Amsterdam Dutchmen batting - Pitching for Echo Park Lakers : LHP Will Hunting
Batting: RHB Jon Osterman 0-0: Swinging Strike
0-1: SINGLE (Groundball, 6) (infield hit)
Batting: RHB Otis Brewer 0-0: Called Strike
0-1: Foul Ball, location: 2F
0-2: Ball
1-2: Foul Ball, location: 2F
1-2: Ball
2-2: Fielders Choice at 2nd, 2-6 (Groundball, 2R)
Batting: RHB Hank Wilder 0-0: Called Strike
0-1: Foul Ball, location: 2F
0-2: Ball
Otis Brewer is caught stealing 2nd base
1-2: Foul Ball, location: 2F
1-2: Foul Ball, location: 2F
1-2: Foul Ball, location: 2F
1-2: Ball
2-2: Ball
3-2: Fly out, F9 (Flyball, 9)
Top of the 4th over - 0 runs, 1 hit, 0 errors, 0 left on base; New Amsterdam 0 - Echo Park 3
BOTTOM OF THE 4TH
Echo Park Lakers batting - Pitching for New Amsterdam Dutchmen : LHP Walt Coffman
Batting: RHB Alfredo Mojica 0-0: Ball
1-0: Called Strike
1-1: Swinging Strike
1-2: Ball
2-2: Foul Ball, location: 2F
2-2: Strikes out swinging
Batting: RHB Jesús Vásquez 0-0: Foul Ball, location: 2F
0-1: Ball
1-1: Ball
2-1: Ground out 6-3 (Groundball, 6M)
Batting: RHB Zhenya Worobtsoff 0-0: Ball
1-0: Swinging Strike
1-1: Foul Ball, location: 2F
1-2: Strikes out swinging
Bottom of the 4th over - 0 runs, 0 hits, 0 errors, 0 left on base; New Amsterdam 0 - Echo Park 3
TOP OF THE 5TH
New Amsterdam Dutchmen batting - Pitching for Echo Park Lakers : LHP Will Hunting
Batting: RHB Vernon Caw 0-0: Ball
1-0: Ball
2-0: Ball
3-0: Base on Balls
Batting: RHB Mario Rivera 0-0: Sac Bunt - play at first, batter OUT! 1-3
Vernon Caw to second
Batting: LHB Félix López 0-0: Ball
1-0: Ball
2-0: Ball
3-0: Base on Balls
Batting: RHB David Pérez 0-0: Called Strike
0-1: Ball
1-1: Called Strike
1-2: DOUBLE (Line Drive, 78D)
Vernon Caw scores
Félix López to third
Batting: RHB John Burton 0-0: Ball
1-0: Swinging Strike
1-1: Swinging Strike
1-2: Strikes out swinging
Batting: RHB Menno van de Vlugt 0-0: Foul Ball, location: 2F
0-1: Swinging Strike
0-2: Strikes out swinging
Top of the 5th over - 1 run, 1 hit, 0 errors, 2 left on base; New Amsterdam 1 - Echo Park 3
BOTTOM OF THE 5TH
Echo Park Lakers batting - Pitching for New Amsterdam Dutchmen : LHP Walt Coffman
Batting: LHB Stefan Vanderhoof 0-0: Ball
1-0: Foul Ball, location: 2F
1-1: Called Strike
1-2: Fly out, F8 (Flyball, 8LXD)
Batting: RHB Ismael Sandoval 0-0: Called Strike
0-1: Ball
1-1: Fly out, F7 (Flyball, 7D)
Batting: RHB Miguel Morán 0-0: Ball
1-0: SINGLE (Flyball, 89S)
Batting: RHB Jesús Villalba 0-0: Ball
1-0: Called Strike
1-1: Ball
2-1: Ball
3-1: SINGLE (Groundball, 34D)
Miguel Morán to second
Runner from 2nd tries for 3rd, SAFE, throw made to third
Batting: RHB Guillermo Coss 0-0: Ball
1-0: Ground out 5-3 (Groundball, 56S)
Bottom of the 5th over - 0 runs, 2 hits, 0 errors, 2 left on base; New Amsterdam 1 - Echo Park 3
TOP OF THE 6TH
New Amsterdam Dutchmen batting - Pitching for Echo Park Lakers : LHP Will Hunting
Batting: RHB Jon Osterman 0-0: Called Strike
0-1: DOUBLE (Groundball, 5L)
Batting: RHB Otis Brewer 0-0: Ball
1-0: Ball
2-0: Ground out 5-3 (Groundball, 5L)
Batting: RHB Hank Wilder 0-0: Called Strike
0-1: Called Strike
0-2: Strikes out swinging
Batting: RHB Vernon Caw 0-0: Swinging Strike
0-1: Foul Ball, location: 2F
0-2: Ball
1-2: Foul Ball, location: 2F
1-2: Ball
2-2: Ball
3-2: Base on Balls
Batting: RHB Mario Rivera 0-0: Called Strike
0-1: Foul Ball, location: 2F
0-2: Strikes out swinging, 2-3 out at first.
Top of the 6th over - 0 runs, 1 hit, 0 errors, 2 left on base; New Amsterdam 1 - Echo Park 3
BOTTOM OF THE 6TH
Echo Park Lakers batting - Pitching for New Amsterdam Dutchmen : LHP Walt Coffman
Batting: RHB Freddy Torres 0-0: Called Strike
0-1: Ball
1-1: Called Strike
1-2: Fly out, F8 (Flyball, 8RD)
Batting: RHB Alfredo Mojica 0-0: Ball
1-0: Called Strike
1-1: Ball
2-1: Ball
3-1: Called Strike
3-2: Base on Balls
Batting: RHB Jesús Vásquez 0-0: Ball
1-0: Ball
2-0: Called Strike
2-1: Foul Ball, location: 2F
2-2: Ball
3-2: Grounds into double play, 6-4-3 (Groundball, 6)
Bottom of the 6th over - 0 runs, 0 hits, 0 errors, 0 left on base; New Amsterdam 1 - Echo Park 3
TOP OF THE 7TH
New Amsterdam Dutchmen batting - Pitching for Echo Park Lakers : LHP Will Hunting
Batting: LHB Félix López 0-0: Ball
1-0: Called Strike
1-1: Ball
2-1: Swinging Strike
2-2: Ball
3-2: Ground out 4-3 (Groundball, 4S)
Batting: RHB David Pérez 0-0: Ball
1-0: Fly out, F9 (Flyball, 9)
Batting: RHB John Burton 0-0: Called Strike
0-1: Ball
1-1: Ball
2-1: Ball
3-1: Fly out, F7 (Flyball, 7LS)
Top of the 7th over - 0 runs, 0 hits, 0 errors, 0 left on base; New Amsterdam 1 - Echo Park 3
BOTTOM OF THE 7TH
Echo Park Lakers batting - Pitching for New Amsterdam Dutchmen : LHP Walt Coffman
Batting: RHB Zhenya Worobtsoff 0-0: Ground out 5-3 (Groundball, 56S)
Batting: LHB Stefan Vanderhoof 0-0: Fly out, F9 (Flyball, 9LS)
Batting: RHB Ismael Sandoval 0-0: Fly out, F6 (Popup, 6)
Bottom of the 7th over - 0 runs, 0 hits, 0 errors, 0 left on base; New Amsterdam 1 - Echo Park 3
TOP OF THE 8TH
New Amsterdam Dutchmen batting - Pitching for Echo Park Lakers : LHP Will Hunting
Batting: RHB Menno van de Vlugt 0-0: Ball
Error on foul ball, E2
1-1: Ball
2-1: Ball
3-1: Base on Balls
Pitching: RHP Júlio Rodríguez
Batting: RHB Jon Osterman 0-0: Called Strike
0-1: Ball
1-1: Called Strike
1-2: Fly out, F8 (Flyball, 8LXD)
Batting: RHB Otis Brewer 0-0: Foul Ball, location: 2F
0-1: Called Strike
0-2: Ball
1-2: Foul Ball, location: 2F
1-2: Foul Ball, location: 2F
1-2: Ball
2-2: Foul Ball, location: 2F
2-2: Strikes out swinging
Batting: RHB Hank Wilder 0-0: Fielders Choice at 2nd, 6-4 (Groundball, 6)
Top of the 8th over - 0 runs, 0 hits, 1 error, 1 left on base; New Amsterdam 1 - Echo Park 3
BOTTOM OF THE 8TH
Echo Park Lakers batting - Pitching for New Amsterdam Dutchmen : LHP Walt Coffman
Batting: RHB Miguel Morán 0-0: Swinging Strike
0-1: Foul Ball, location: 2F
0-2: Foul Ball, location: 2F
0-2: Ball
1-2: Strikes out swinging
Batting: RHB Jesús Villalba 0-0: Called Strike
0-1: Swinging Strike
0-2: Ball
1-2: Ball
2-2: Strikes out looking
Batting: RHB Guillermo Coss 0-0: Ball
1-0: Ball
2-0: Fly out, F4 (Line Drive, 4)
Bottom of the 8th over - 0 runs, 0 hits, 0 errors, 0 left on base; New Amsterdam 1 - Echo Park 3
TOP OF THE 9TH
New Amsterdam Dutchmen batting - Pitching for Echo Park Lakers : RHP Júlio Rodríguez
Batting: RHB Vernon Caw 0-0: Called Strike
0-1: Foul Ball, location: 2F
0-2: Foul Ball, location: 2F
0-2: Strikes out looking
Batting: RHB Mario Rivera 0-0: Ball
1-0: Foul Ball, location: 2F
1-1: Swinging Strike
1-2: Strikes out swinging
Batting: LHB Félix López 0-0: Called Strike
0-1: Called Strike
0-2: Ball
1-2: Foul Ball, location: 2F
1-2: Strikes out swinging
Top of the 9th over - 0 runs, 0 hits, 0 errors, 0 left on base; New Amsterdam 1 - Echo Park 3
Sunday, March 18th, 2018 - OOTP Baseball 18.8 Build 76